 Dungeon Crawl Stone Soup version 0.20.1-1-g8b1a95d (webtiles) character file.

16152 Golfball the Protected (level 12, -15/70 HPs)
             Began as a Gargoyle Fighter on Dec 6, 2017.
             Was an Elder of Okawaru.
             Killed from afar by Fannar (31 damage)
             ... with a bolt of cold
             ... on level 1 of the Orcish Mines.
             The game lasted 00:42:15 (9309 turns).

Golfball the Protected (Gargoyle Fighter)           Turns: 9309, Time: 00:42:15

Health: -15/70     AC: 21    Str: 25    XL:     12   Next: 34%
Magic:  28/28      EV: 12    Int: 13    God:    Okawaru [****..]
Gold:   747        SH: 12    Dex: 10    Spells: 11/11 levels left

rFire    . . .     SeeInvis +   G - +11 flail of Frustration {flame, +Blink rC- SInv}
rCold    x . .     Gourm    .   H - +3 shield "Jeomp" {rElec rN+}
rNeg     + + .     Faith    +   b - +0 scale mail
rPois    ∞         Spirit   .   (no helmet)
rElec    +         Reflect  .   s - +1 cloak
rCorr    +         Harm     .   (no gloves)
MR       .....                  w - +0 pair of boots "Leacin" {Regen+}
Stlth    ..........             g - amulet of faith
Regen    0.7/turn               i - ring "Boahihio" {rCorr MP+9 Int+5}
MPRegen  0.3/turn               (no ring)

@: no status effects
A: negative energy resistance 1, electricity resistance, unbreathing,
petrification resistance, rot immunity, AC +8
a: Heroism, Renounce Religion, Evoke Blink


You were on level 1 of the Orcish Mines.
You worshipped Okawaru.
Okawaru was greatly pleased with you.
You were hungry.

You visited 3 branches of the dungeon, and saw 13 of its levels.
You also visited: Sewer.

You collected 747 gold pieces.

Inventory:

Hand Weapons
 a - a +8 flail of holy wrath
 t - a +1 whip of electrocution
 x - a +3 mace of crushing
 G - the +11 flail of Frustration (weapon) {flame, +Blink rC- SInv}
   (You found it on level 10 of the Dungeon)

   It has been specially enchanted to burn those struck by it, causing extra
   injury to most foes and up to half again as much damage against particularly
   susceptible opponents.
   It makes you vulnerable to cold.
   It lets you see invisible.
   It lets you blink.
Missiles
 m - 2 tomahawks of returning (quivered)
Armour
 b - a +0 scale mail (worn)
 s - a +1 cloak (worn)
 w - the +0 pair of boots "Leacin" (worn) {Regen+}
   (You found it on level 4 of the Dungeon)

   It increases your rate of regeneration.
 H - the +3 shield "Jeomp" (worn) {rElec rN+}
   (You acquired it on level 10 of the Dungeon)

   It insulates you from electricity.
   It protects you from negative energy.
Jewellery
 g - an amulet of faith (around neck)
 i - the ring "Boahihio" (left hand) {rCorr MP+9 Int+5}
   (You found it on level 5 of the Dungeon)

   [ring of resist corrosion]

   It affects your intelligence (+5).
   It affects your magic capacity (+9).
Wands
 u - a wand of polymorph (7/24)
 y - a wand of disintegration (12/24)
 A - a wand of confusion (32/48)
Scrolls
 c - a scroll of acquirement
 l - 6 scrolls of teleportation
 D - 2 scrolls of fear
Potions
 d - 2 potions of might
 e - 2 potions of mutation
 h - 3 potions of magic
 j - 4 potions of agility
 k - 4 potions of heal wounds
 n - 4 potions of haste
 o - 3 potions of flight
 v - 4 potions of lignification
 z - a potion of resistance {unknown}
 B - a potion of brilliance {unknown}
 C - 3 potions of curing
Comestibles
 f - 8 bread rations
 p - 6 meat rations
 q - 6 fruits
 r - 8 royal jellies
 E - 10 chunks of flesh


   Skills:
 - Level 6.0 Fighting
 - Level 10.1 Maces & Flails
 - Level 10.2 Armour
 + Level 9.5 Dodging
 - Level 3.2 Shields
 + Level 9.4 Invocations


You had 11 spell levels left.
You didn't know any spells.

Dungeon Overview and Level Annotations

Branches:
Dungeon (11/15)            Temple (1/1) D:7            Lair (0/6) D:9
    Orc (1/2) D:10

Altars:
Ashenzari
Cheibriados
Dithmenos
Elyvilon
Fedhas
Gozag
Hepliaklqana
Kikubaaqudgha
Makhleb
Nemelex Xobeh
Okawaru
Qazlal
Sif Muna
Trog
Uskayaw
Vehumet
Xom
Yredelemnul
Zin
The Shining One

Shops:
D:8 %

Annotations:
Orc:1 Fannar


Innate Abilities, Weirdness & Mutations

You are resistant to torment.
Your stone body is resilient. (AC +8)
You are immune to poison.
You resist negative energy. (rN+)
You are resistant to electric shocks. (rElec)
You can survive without breathing.
You are immune to petrification.
You are immune to rotting.


Message History

The orc shouts!
The orc wizard shouts!
An ettin and Fannar come into view.
Fannar is wielding a quarterstaff of freezing.
Fannar shouts!
The ettin shouts in stereo!
The orc wizard mumbles some strange words.
The orc wizard seems to speed up.
Items here: $ ) [ † a hand axe of distortion; a ring mail; 11 gold pieces; an orc corpse Fannar casts a spell at you.
The bolt of cold hits you!
You feel a terrible chill!
Ouch! That really hurt!
* * * LOW HITPOINT WARNING * * *
An orc high priest comes into view. It is wielding a short sword.
The orc high priest shouts!
The orc high priest prays to Beogh.
An orc comes into view. It is wielding a short sword.
The orc shouts!
Fannar gestures at you while chanting. The bolt of cold hits you!
You feel a terrible chill!
You die...

#...#...#.......
##.###.o..#.....
### ##.........
###3.o....... ##
##.#..........
##.##......3......
#.............#..
##...........#.....
#.......@...##..e..
##.#.#......###...#
####...o#..e#....#
#...oo..C.......
##....o.o.......
#........>......
##.......o......
##...#.#.......
##.##.........


You could see Fannar, an ettin, a soul eater, an orc high priest, a smoke demon,
2 orc warriors, an orc priest, an orc wizard and 3 orcs.

Vanquished Creatures
  Harold (D:10)
  A centaur warrior (D:10)
  2 two-headed ogres
  The ghost of gregunderscorem the Carver, a novice OpFi of Dithmenos (D:8)
  An orc high priest (Orc:1)
  Pikel (D:5)
  3 ugly things (D:11)
  A manticore (D:11)
  A shining eye (shapeshifter) (D:11)
  Joseph (D:10)
  3 trolls
  A hippogriff (D:9)
  5 wraiths (D:11)
  Grum (D:11)
  4 yaks (D:9)
  Eustachio (D:5)
  A human (D:7)
  4 hogs (D:7)
  Edmund (D:4)
  A warg (D:10)
  2 water moccasins
  2 hell hounds (D:9)
  Purgy (Sewer)
  3 slaves (D:5)
  An ice beast (D:9)
  A black bear (D:7)
  5 ogres
  3 sky beasts
  5 orc warriors
  A phantom (D:7)
  A necrophage (D:11)
  2 wolves (D:11)
  11 centaurs
  Blork the orc (D:5)
  2 big kobolds (D:9)
  4 bullfrogs
  A gnoll sergeant (D:9)
  2 wyvern zombies
  A wyvern skeleton (D:10)
  2 scorpions
  12 killer bees
  10 wights
  5 howler monkeys
  A crimson imp (D:6)
  2 centaur skeletons
  2 centaur zombies
  7 hounds
  2 jellies
  4 orc priests
  4 orc wizards
  A bullfrog skeleton (D:7)
  Ijyb (D:4)
  3 iguanas
  6 worker ants
  A killer bee zombie (D:9)
  2 hound zombies
  2 worker ant zombies
  A howler monkey skeleton (D:5)
  9 gnolls
  A river rat (D:6)
  11 adders
  2 shadow imps (D:10)
  A worm (D:4)
  3 dart slugs
  9 leopard geckos
  32 orcs
  5 ball pythons
  10 bats
  6 giant cockroaches
  6 goblins
  15 hobgoblins
  11 jackals
  2 quokkas
  6 frilled lizards
  17 kobolds
  A quokka skeleton (D:4)
  6 rats
305 creatures vanquished.

Notes
Turn   | Place    | Note
-------+----------+-------------------------------------------
     0 | D:1      | Golfball the Gargoyle Fighter began the quest for the Orb.
     0 | D:1      | Reached XP level 1. HP: 14/14 MP: 1/1
   231 | D:1      | Reached XP level 2. HP: 19/19 MP: 2/2
   371 | D:1      | Reached XP level 3. HP: 23/23 MP: 3/3
   929 | D:2      | Reached XP level 4. HP: 26/28 MP: 4/4
  1735 | D:3      | Reached skill level 5 in Maces & Flails
  1735 | D:3      | Reached XP level 5. HP: 23/32 MP: 5/5
  1994 | D:4      | Noticed Ijyb
  2044 | D:4      | Killed Ijyb
  2050 | D:4      | Reached XP level 6. HP: 36/37 MP: 6/6
  2092 | D:4      | Noticed Edmund
  2105 | D:4      | Killed Edmund
  2259 | D:4      | Reached XP level 7. HP: 41/41 MP: 7/7
  2785 | D:4      | Got a pair of jewelled boots
  2796 | D:4      | Identified the cursed +0 pair of boots "Leacin" {Regen+} (You found it on level 4 of the Dungeon)
  3174 | D:5      | Entered Level 5 of the Dungeon
  3293 | D:5      | Noticed Pikel
  3361 | D:5      | Killed Pikel
  3361 | D:5      | Reached XP level 8. HP: 41/46 MP: 8/8
  3396 | D:5      | Found a bloodstained altar of Trog.
  3425 | D:5      | Got a smoking iron ring
  3426 | D:5      | Identified the ring "Boahihio" {rCorr MP+9 Int+5} (You found it on level 5 of the Dungeon)
  3488 | D:5      | Reached skill level 10 in Maces & Flails
  3946 | D:5      | Noticed Blork the orc
  3946 | D:5      | Noticed Eustachio
  4005 | D:5      | Killed Blork the orc
  4039 | D:5      | Killed Eustachio
  4039 | D:5      | Reached skill level 5 in Fighting
  4211 | D:6      | Found a hazy altar of Hepliaklqana.
  4243 | D:6      | Reached skill level 5 in Armour
  4243 | D:6      | Reached XP level 9. HP: 42/54 MP: 9/9
  4265 | D:6      | Found a glowing drain.
  4284 | Sewer    | Entered a sewer
  4334 | Sewer    | Noticed Purgy
  4342 | Sewer    | Killed Purgy
  5014 | D:7      | Reached skill level 1 in Dodging
  5238 | D:7      | Found a staircase to the Ecumenical Temple.
  5249 | Temple   | Entered the Ecumenical Temple
  5311 | Temple   | Became a worshipper of the Shining One
  5500 | D:7      | Noticed a troll
  5506 | D:7      | Killed a troll
  5506 | D:7      | Reached XP level 10. HP: 49/60 MP: 10/10
  5598 | D:7      | Found a burning altar of Makhleb.
  5598 | D:7      | Noticed a blizzard demon
  5973 | D:8      | Noticed gregunderscorem's ghost (novice OpFi)
  5984 | D:8      | Killed gregunderscorem's ghost
  5984 | D:8      | Reached skill level 5 in Dodging
  6007 | D:8      | Found Yjenewk's Food Boutique.
  6166 | D:8      | Found a glowing silver altar of Zin.
  6166 | D:8      | Found a basalt altar of Yredelemnul.
  6193 | D:8      | Reached * piety under the Shining One
  6448 | D:9      | Noticed a two-headed ogre
  6458 | D:9      | Killed a two-headed ogre
  6458 | D:9      | Reached skill level 10 in Armour
  6490 | D:9      | Reached ** piety under the Shining One
  6498 | D:9      | Reached skill level 1 in Invocations
  6547 | D:9      | Reached XP level 11. HP: 63/64 MP: 13/13
  6558 | D:9      | Found a staircase to the Lair.
  7189 | D:10     | Entered Level 10 of the Dungeon
  7196 | D:10     | Found Mielunig's Antique Armour Emporium.
  7212 | D:10     | Found a staircase to the Orcish Mines.
  7226 | D:10     | Identified a scroll of acquirement
  7227 | D:10     | Got an ichor-stained shield
  7238 | D:10     | Identified the +3 shield "Jeomp" {rElec rN+} (You acquired it on level 10 of the Dungeon)
  7307 | D:10     | Reached skill level 5 in Invocations
  7313 | D:10     | Noticed Harold
  7315 | D:10     | Noticed Joseph
  7333 | D:10     | Killed Harold
  7341 | D:10     | Killed Joseph
  7434 | D:10     | Reached *** piety under the Shining One
  7473 | D:10     | Got a smoking flail
  7474 | D:10     | Identified the +11 flail of Frustration {flame, +Blink rC- SInv} (You found it on level 10 of the Dungeon)
  7610 | Temple   | Fell from the grace of the Shining One
  7610 | Temple   | Became a worshipper of Warmaster Okawaru
  7844 | D:10     | Noticed a centaur warrior
  7852 | D:10     | Killed a centaur warrior
  7852 | D:10     | Reached * piety under Okawaru
  8256 | D:11     | Noticed Grum
  8261 | D:11     | Killed Grum
  8294 | D:11     | Noticed a manticore
  8305 | D:11     | Killed a manticore
  8305 | D:11     | Reached ** piety under Okawaru
  8525 | D:11     | Noticed a brown ugly thing
  8542 | D:11     | Killed a brown ugly thing
  8542 | D:11     | Reached XP level 12. HP: 64/70 MP: 18/18
  8580 | D:11     | Noticed a two-headed ogre
  8586 | D:11     | Killed a two-headed ogre
  8586 | D:11     | Reached *** piety under Okawaru
  9062 | Orc:1    | Entered Level 1 of the Orcish Mines
  9075 | Orc:1    | Noticed an orc high priest
  9164 | Orc:1    | Reached **** piety under Okawaru
  9171 | Orc:1    | Killed an orc high priest
  9303 | Orc:1    | Noticed Fannar
  9303 | Orc:1    | Noticed an ettin
  9308 | Orc:1    | Noticed an orc high priest
  9309 | Orc:1    | Noticed a soul eater
  9309 | Orc:1    | Killed from afar by Fannar

Skill      XL: |  1  2  3  4  5  6  7  8  9 10 11 12 |
---------------+-------------------------------------+-----
Maces & Flails | 3 4 5 6 7 9 10 | 10.1
Fighting       | 5 6 |  6.0
Armour         | 5 8 10 | 10.2
Dodging        | 4 6 8 9 |  9.5
Invocations    | 2 8 9 |  9.4
Shields        | |  3.2

Action                   |  1- 3 |  4- 6 |  7- 9 | 10-12 || total
-------------------------+-------+-------+-------+-------++-------
Melee: Flail             |   127 |   100 |   305 |   454 ||   986
       Whip              |       |    31 |       |       ||    31
Invok: Divine Shield     |       |       |       |     1 ||     1
       Heroism           |       |       |       |     1 ||     1
  Use: Scroll            |       |       |    19 |    10 ||    29
       Potion            |       |       |       |     3 ||     3
  Eat: Chunk             |       |     5 |    11 |    12 ||    28
Armor: Scale mail        |    74 |    42 |   156 |   174 ||   446
Dodge: Dodged            |    39 |    40 |    85 |   145 ||   309
Block: Shield            |    74 |    37 |   139 |   238 ||   488
